AoeStats
← Eliot

Arena

509938877Analyzed
1v1 RM · 5d ago on Sep 28, 2026· 40m 24s· 2 players
Game mode
Random Map
Map size
Tiny (2 player)
Population
200
Speed
Normal
Resources
Standard
Victory
Conquest
Starting age
Dark Age
Ending age
Imperial Age
RankedLock teamsTeams togetherTeam positionsShared explorationLock speedFull tech treeHidden civsTurbo modeCheats
Victory
Defeat
🇵🇹 Portuguese · Portugal
1630
+15
🇪🇸 Danes · Spain
1609
-15
Eliot
11:20 Feudal Age
12:38 Double-Bit Axe
15:28 Castle Age
13:25 Horse Collar
16:31 Bow Saw
16:23 Heavy Plow
24:08 Wheelbarrow
27:34 Imperial Age
25:47 Hand Cart
25:19 Loom
25:21 Town Watch
25:52 Hand Cart
26:45 Scale Mail Armor
26:55 Forging
26:28 Hamask
29:17 Chain Mail Armor
28:50 Capped Ram
29:57 Onager
30:57 Siege Engineers
31:16 Northmen's Fury
31:17 Elite Jomsviking
32:45 Siege Ram
35:28 Gold Mining
35:29 Stone Mining
36:14 Conscription
37:02 Plate Mail Armor
37:08 Iron Casting
37:41 Siege Onager
Kold
10:39 Feudal Age
14:27 Castle Age
12:14 Double-Bit Axe
12:10 Horse Collar
15:22 Bow Saw
21:27 Heavy Plow
23:11 Wheelbarrow
27:54 Imperial Age
25:24 Gold Mining
25:42 Loom
26:32 Hand Cart
26:33 Stone Mining
27:31 Town Watch
27:14 Pikeman
28:32 Scale Mail Armor
29:48 Chemistry
29:15 Conscription
30:08 Two-Man Saw
29:08 Halberdier
30:33 Forging
30:04 Light Cavalry
30:54 Bloodlines
30:53 Husbandry
31:00 Scale Barding Armor
31:04 Arquebus
32:34 Chain Barding Armor
34:27 Plate Barding Armor
35:50 Crop Rotation
35:16 Elite Organ Gun
36:52 Siege Engineers
39:17 Masonry
39:00 Fletching
39:48 Iron Casting
Connection lost

Rejoining the realm…

Still unreachable

The connection could not be restored.

Session expired

The server has moved on; the page needs a fresh start.